Map: Golden Wall LE

Players

Seither

  • Race: Terran Terran
  • Spawn Location: 7:00

Probe - Winner!

  • Race: Protoss Protoss
  • League: Master
  • Spawn Location: 5:00

Event: DreamHack SC2 Masters 2020 Fall

VOD

Have the link to the VOD?

Description

Time

  • Played on: Aug. 29, 2020, 6:46 a.m.
  • Length: 6:20

All games in this series

Show
View Real Time Build Order
Export as new Build Order

Seither Terran 

Build Orders: 1/1/1 

Get SALT Encoding   

  12  0:00  SCV  
  13  0:12  SCV  
  14  0:18  Supply Depot  
  14  0:24  SCV  
  15  0:39  SCV  
  15  0:42  Barracks  
  16  0:46  Refinery  
  16  0:51  SCV  
  17  0:57  Refinery  
  17  1:06  SCV  
  17  1:07  Supply Depot  
  18  1:18  SCV  
  19  1:28  Marine  
  19  1:30  Orbital Command  
  20  1:43  Factory  
  20  1:53  Barracks Reactor  
  20  1:57  SCV  
  21  2:09  SCV  
  22  2:23  SCV  
  22  2:29  Starport, Hellion, Supply Depot  
  25  2:30  Marine  
  25  2:31  Marine  
  27  2:37  SCV  
  28  2:48  Marine x2  
  28  2:50  SCV  
  28  2:51  Hellion  
  33  2:58  Supply Depot  
  33  3:07  Medivac  
  36  3:12  SCV  
  36  3:14  Fusion Core  
  36  3:19  Hellion  
  38  3:23  Marine x2  
  40  3:33  Supply Depot  
  40  3:38  Starport Tech Lab  
  40  3:42  Factory Tech Lab  
  40  3:43  Marine x2  
  42  3:56  Supply Depot  
  42  4:01  Marine x2  
  44  4:11  Battlecruiser  
  48  4:25  Siege Tank  
  51  4:32  Marine  
  51  4:33  Marine  
  52  4:38  Supply Depot  
  52  4:48  Supply Depot  
  52  4:50  Marine x2  
  54  4:57  Siege Tank  
  57  5:08  Marine x2  
  57  5:10  Supply Depot  
  59  5:26  Marine x2  
  57  5:44  Marine x2  
  47  6:01  Marine  
  47  6:02  Marine  
Show
View Real Time Build Order
Export as new Build Order

Probe Protoss - Winner!

Build Orders: 1 Gate Expand, Phoenix Opening, Dark Templar Rush 

Get SALT Encoding   

  12  0:00  Probe  
  13  0:12  Probe  
  14  0:19  Pylon  
  14  0:24  Probe (Chrono Boost)  
  15  0:38  Gateway, Probe (Chrono Boost)  
  16  0:46  Assimilator, Probe (Chrono Boost)  
  17  0:52  Probe  
  19  1:04  Probe  
  19  1:16  Probe  
  20  1:25  Cybernetics Core  
  20  1:33  Nexus  
  21  1:40  Probe  
  21  1:44  Pylon  
  21  1:52  Assimilator, Probe  
  22  1:59  Adept (Chrono Boost)  
  22  2:04  Probe  
  25  2:12  Shield Battery  
  25  2:13  Warp Gate  
  25  2:16  Probe  
  25  2:25  Sentry (Chrono Boost)  
  25  2:28  Probe  
  28  2:40  Probe  
  28  2:43  Stalker (Chrono Boost)  
  31  2:51  Phoenix  
  31  2:52  Probe x2  
  31  2:55  Twilight Council  
  33  3:04  Probe x2  
  35  3:15  Robotics Facility  
  35  3:16  Probe (Chrono Boost)  
  35  3:19  Probe (Chrono Boost)  
  37  3:28  Probe (Chrono Boost)  
  37  3:29  Gateway  
  37  3:31  Gateway  
  38  3:43  Dark Shrine, Probe x2  
  40  3:49  Shield Battery  
  40  3:50  Pylon  
  40  3:54  Charge (Chrono Boost)  
  40  4:03  Shield Battery  
  40  4:11  Observer (Chrono Boost)  
  40  4:22  Probe  
  39  4:25  Stalker  
  39  4:26  Zealot  
  39  4:27  Zealot  
  39  4:28  Probe  
  44  4:34  Probe  
  45  4:39  Warp Prism  
  45  4:40  Probe  
  45  4:44  Assimilator  
  48  4:46  Probe  
  49  4:54  Zealot x2  
  49  4:58  Pylon  
  53  5:02  Pylon  
  53  5:04  Probe  
  54  5:15  Pylon  
  54  5:16  Probe x2  
  54  5:18  Dark Templar  
  58  5:25  Stalker  
  58  5:27  Stalker  
  62  5:29  Probe  
  59  5:43  Probe  
  59  5:47  Probe  
  57  5:50  Zealot x2, Dark Templar  
  57  5:55  Probe  
  60  5:59  Probe  
  60  6:07  Probe  

Tags
 
Add a new tag
Caveats
  • Supply blocks, unpowered buildings, or Contaminate may cause inaccurate times.
  • Supply counts are checked every 10 seconds.